[Event "Catalonia Championship Absolute 2024"]
[Site "Salou Tarragona"]
[Date "2024.05.16"]
[Round "3.2"]
[White "Guerra Mendez, Jose Angel"]
[Black "Ayats Llobera, Gerard"]
[Result "0-1"]
[ECO "B22"]
[WhiteElo "2489"]
[BlackElo "2449"]
[Annotator "RC"]
[PlyCount "100"]
[EventDate "2024.05.06"]
[EventType "k.o."]
[EventCountry "ESP"]
[SourceTitle "playchess.com"]
[Source "ChessBase"]
[SourceQuality "1"]
[TimeControl "5400+30"]

1. e4 c5 2. c3 d5 3. exd5 Qxd5 4. d4 e6 5. Nf3 Nf6 6. Na3 Nc6 7. Be3 cxd4 8. Nb5 Qd7 9. Nbxd4 Nxd4 10. Bxd4 a6 11. Bd3 Qc7 12. Qe2 Be7 13. O-O-O Bd7 14. Kb1 Rd8 15. g4 Ba4 16. Rde1 Bc5 17. Bxc5 Qxc5 18. Ne5 Qe7 19. f4 Nd7 20. Bc4 Nxe5 21. Qxe5 Qf6 22. Qc5 Qe7 23. Qh5 O-O 24. f5 Bd7 25. Rhf1 Qc5 26. fxe6 Qxh5 27. gxh5 Bxe6 28. Bxe6 fxe6 29. Rxf8+ Rxf8 30. Rxe6 Rf1+ 31. Kc2 Rf2+ 32. Kc1 Rxh2 33. Rb6 Rxh5 34. Rxb7 Rf5 35. Kd2 h5 36. Ke3 h4 37. Rb4 g5 38. Rg4 Kf7 39. b4 Kg6 40. c4 Kh5 41. Rg1 h3 42. c5 g4 43. c6 h2 44. Rc1 g3 45. c7 Rf8 46. Rf1 g2 47. Rxf8 g1=Q+ 48. Kd2 Qd4+ 49. Ke2 h1=Q 50. Rf5+ Kg6 0-1

[Event "Catalonia Championship Absolute 2024"]
[Site "Salou Tarragona"]
[Date "2024.05.16"]
[Round "3.2"]
[White "Narciso Dublan, Marc"]
[Black "Alsina Leal, Daniel"]
[Result "1/2-1/2"]
[ECO "B25"]
[WhiteElo "2424"]
[BlackElo "2510"]
[Annotator "TA"]
[PlyCount "101"]
[EventDate "2024.05.06"]
[EventType "k.o."]
[EventCountry "ESP"]
[SourceTitle "playchess.com"]
[Source "ChessBase"]
[SourceQuality "1"]
[TimeControl "5400+30"]

1. e4 c5 2. Nc3 Nc6 3. g3 g6 4. Bg2 Bg7 5. d3 d6 6. Nf3 e6 7. O-O Rb8 8. a4 Nge7 9. Bd2 a6 10. Qc1 h6 11. Ne2 b5 12. axb5 axb5 13. Be3 e5 14. c3 b4 15. Nh4 (15. d4 $142) 15... Na5 $11 16. Qc2 {[%emt 0:03:16] Repels Nb3} O-O 17. f4 exf4 18. gxf4 Nec6 19. Bf2 bxc3 (19... Bg4 $15) 20. bxc3 Bg4 21. Nf3 Qb6 22. Rab1 Qc7 23. h3 Bd7 24. f5 Rxb1 25. Rxb1 gxf5 26. Nh4 Ne7 27. Nf4 Nac6 28. Kh1 Ne5 29. Qe2 N5g6 ({Black should play} 29... fxe4 $15 30. Bxe4 Bc6) 30. Nfxg6 $1 $14 Nxg6 31. Nxf5 Bxf5 32. exf5 Nf4 (32... Qe7 $16 33. Qg4 Ne5) 33. Qg4 Nxd3 34. Bh4 {[%emt 0:00:11] White wants to mate with f6. Black is weak on the light squares} Qc8 $2 (34... Ne5 35. Qg3 Rb8 36. Rxb8+ Qxb8) 35. Be4 $18 {[%emt 0:02:22][%cal Ob1g1] Rg1! would kill now. This pair of bishops is nice.} Ne5 {[%emt 0:00:26] [#]} 36. Qg3 (36. Qg2 $1 $18 {and the rest is easy.} Ng6 37. fxg6) 36... f6 $16 37. Rb7 Rf7 38. Bd5 {[%emt 0:00:16] White has more active pieces.} (38. Rb6 $16) 38... Kf8 $2 (38... Kh8 $1 $11 {and Black is okay.} 39. Rxf7 Nxf7) 39. Rxf7+ $2 ({Better is} 39. Rb6 $18) 39... Nxf7 $11 {[%emt 0:00:02] [#]} 40. Bxf6 Bxf6 $15 41. Qg6 {[%emt 0:00:03][%csl LRf6,LRf7] [#]} Qe8 42. Qxf6 {[%emt 0:00:08][%mdl 4096] Endgame. aiming for Bxf7. KQB-KQN} Qe1+ 43. Kh2 Qf2+ 44. Bg2 Qf4+ 45. Kh1 (45. Kg1 $1 $15) 45... Qc1+ (45... Qe5 $17 46. Qxe5 dxe5 (46... Nxe5 47. Kh2 $11)) 46. Kh2 $11 Qf4+ 47. Kg1 Qe3+ 48. Kf1 Qd3+ (48... Qe7 $15 49. Qxe7+ Kxe7) 49. Kg1 Qe3+ 50. Kf1 Qd3+ 51. Kg1 {[%emt 0:00:05] Blacks defense is rewarded with a draw.   Weighted Error Value: White=0.42/Black=0.39.  Loses game:     	---       	Black=2      Missed win:     	White=1     	---        Mistake:       	White=4     	Black=5      Inaccurate:     	White=5     	Black=3      OK:         	White=8     	Black=19     Best:        	White=6     	---        Strong:       	White=1     	---} 1/2-1/2

[Event "Catalonia Championship Absolute 2024"]
[Site "Salou Tarragona"]
[Date "2024.05.17"]
[Round "4.1"]
[White "Alsina Leal, Daniel"]
[Black "Ayats Llobera, Gerard"]
[Result "0-1"]
[ECO "A28"]
[WhiteElo "2510"]
[BlackElo "2449"]
[Annotator "TA"]
[PlyCount "164"]
[EventDate "2024.05.06"]
[EventType "k.o."]
[EventCountry "ESP"]
[SourceTitle "playchess.com"]
[Source "ChessBase"]
[SourceQuality "1"]
[TimeControl "5400+30"]

1. c4 Nf6 2. Nc3 e5 3. Nf3 Nc6 4. e4 Bb4 5. d3 d6 6. a3 Bxc3+ 7. bxc3 O-O 8. g3 h6 9. Bg2 Be6 10. Rb1 Rb8 11. h3 Nd7 12. Nh4 Ne7 13. g4 Ng6 14. Nf5 Nf4 15. Qf3 c6 16. O-O Nxg2 17. Kxg2 b5 18. cxb5 Rxb5 19. Rxb5 cxb5 20. Kh2 Bxf5 21. gxf5 Qh4 22. Rg1 Rc8 23. Rg4 Qf6 24. Bd2 Kf8 25. h4 Nb6 26. Qh3 (26. Kh3 $11) 26... d5 27. Qg3 dxe4 28. Rxe4 Nd7 29. f4 Qxf5 30. fxe5 Re8 31. Qf4 (31. Be3 $1 $15) 31... Rxe5 $17 32. Qxf5 Rxf5 33. Bf4 Rd5 34. c4 bxc4 ({Don't play} 34... Rxd3 $6 35. cxb5 Nb6 (35... Rxa3 $2 {too greedy.} 36. Bd6+ Kg8 37. Bxa3 $18) 36. Bb8 $11) 35. dxc4 Rd3 36. a4 {[%emt 0:01:58] [#]} (36. Re2 $17) 36... Nf6 $1 $19 37. Re2 Rd4 38. Bg3 Rxc4 39. a5 Ra4 40. Be1 (40. Rc2 {was called for.}) 40... Re4 $19 41. Rxe4 Nxe4 42. a6 (42. Bb4+ $142 Ke8 43. Kg2) 42... Ke8 $19 43. Bb4 h5 44. Kg2 g6 45. Kf3 {[%emt 0:00:26] [#]} Nf6 $1 46. Bd6 Kd7 47. Bc5 Nd5 48. Ke4 Ke6 49. Bxa7 Nc7 50. Kf4 f6 51. Be3 Nxa6 52. Ke4 Nc7 53. Bd2 Ne8 54. Be3 Nd6+ 55. Kf4 Nf5 56. Bf2 Kd5 57. Be1 Nd4 58. Bb4 Ne6+ 59. Kf3 Ke5 60. Bc3+ Kf5 61. Bb4 Nd4+ 62. Kg3 Ke4 63. Ba5 Nf5+ 64. Kh3 g5 65. hxg5 fxg5 66. Kg2 Kf4 67. Bc7+ Kg4 68. Bd8 Ne3+ 69. Kh2 Nd5 70. Kg2 Nf4+ 71. Kh2 Ne6 72. Be7 Kf3 73. Bd6 Nf4 74. Be7 g4 75. Bh4 Ng6 76. Be1 h4 77. Ba5 Nf4 78. Bb6 g3+ 79. Kh1 Nh3 80. Ba7 Nf2+ 81. Bxf2 gxf2 82. Kh2 f1=R 0-1

[Event "Catalonia Championship Absolute 2024"]
[Site "Salou Tarragona"]
[Date "2024.05.17"]
[Round "4.1"]
[White "Narciso Dublan, Marc"]
[Black "Guerra Mendez, Jose Angel"]
[Result "1/2-1/2"]
[ECO "C45"]
[WhiteElo "2424"]
[BlackElo "2489"]
[Annotator "TA"]
[PlyCount "119"]
[EventDate "2024.05.06"]
[EventType "k.o."]
[EventCountry "ESP"]
[SourceTitle "playchess.com"]
[Source "ChessBase"]
[SourceQuality "1"]
[TimeControl "5400+30"]

1. e4 e5 2. Nf3 Nc6 3. d4 exd4 4. Nxd4 Nf6 5. Nxc6 bxc6 6. Nd2 d6 {[%emt 0:18:37] C45: Scotch Game.} 7. Bd3 g6 8. b3 Bg7 9. Bb2 O-O 10. O-O Re8 11. Qc1 Bb7 $146 ({Predecessor:} 11... d5 12. Re1 a5 13. exd5 cxd5 14. Rxe8+ Qxe8 15. c4 Ba6 16. Bf1 c6 17. cxd5 cxd5 18. Bxa6 Rxa6 {1-0 Bogut,Z (2426)-Beliavsky,A (2613) Sarajevo Bosna op-A 42nd 2012 (5)}) 12. Bc3 Nd7 13. Qb2 Bxc3 14. Qxc3 Qf6 15. Qa5 Qd8 16. f4 Nc5 17. Rae1 Nxd3 18. cxd3 c5 19. f5 c6 20. Qc3 Ba6 21. Re3 Qe7 (21... d5 $16 {was called for.} 22. fxg6 (22. Qxc5 Qb6 $14) 22... fxg6 23. Qxc5 Qb6) 22. Qa5 Qb7 {[%emt 0:00:00] [#]} 23. Rh3 (23. Nf3 $1 $16) 23... Qb6 $1 $11 24. Qc3 Qb4 $1 25. Rc1 Qxc3 26. Rxc3 Rad8 27. Kf2 Kg7 28. g4 Rd7 29. Re3 f6 30. h4 Kf7 31. Nf3 gxf5 32. gxf5 Rb7 33. d4 c4 {[%emt 0:00:17] [#]} (33... cxd4 $14 34. Nxd4 c5) 34. e5 $1 $16 ({Don't play} 34. bxc4 $6 Rb2+ 35. Kg3 Rg8+ 36. Kh3 Bc8 $11) 34... d5 (34... dxe5 $16 35. dxe5 (35. bxc4 Rb2+ 36. Ke1 exd4 $15) 35... cxb3 36. axb3 fxe5) 35. Re1 (35. Kg3 $18 {has better winning chances.}) 35... Rbb8 ({Black should play} 35... Rg8 36. exf6 Kxf6) 36. Rce3 Bb5 37. Rg1 (37. Kg3 $142) 37... Rg8 $16 38. Rxg8 Rxg8 39. exf6 Kxf6 40. a4 Ba6 41. Re6+ Kxf5 42. Rxc6 Rg6 43. Rxg6 hxg6 44. bxc4 dxc4 45. Ke3 c3 46. Ne5 Bf1 47. Nc6 $1 Kg4 48. Ne5+ Kxh4 49. Nxg6+ Kg5 50. Ne7 Bc4 51. Nc6 Kf5 52. Nxa7 c2 53. Kd2 Ke4 54. Nb5 (54. Kxc2 {simplifies} Kxd4 55. Nc8 Bd3+ 56. Kb2) 54... Bb3 55. a5 Kd5 $1 56. Nc3+ Kxd4 57. Nb5+ Kc5 58. Na3 Kb4 59. Nxc2+ Kxa5 60. Kd3 1/2-1/2

[Event "Catalonia Championship Absolute 2024"]
[Site "Salou Tarragona"]
[Date "2024.05.18"]
[Round "4.2"]
[White "Guerra Mendez, Jose Angel"]
[Black "Narciso Dublan, Marc"]
[Result "0-1"]
[ECO "B07"]
[WhiteElo "2489"]
[BlackElo "2424"]
[Annotator "TA"]
[PlyCount "104"]
[EventDate "2024.05.06"]
[EventType "k.o."]
[EventCountry "ESP"]
[SourceTitle "playchess.com"]
[Source "ChessBase"]
[SourceQuality "1"]
[TimeControl "5400+30"]

1. e4 d6 2. d4 Nf6 3. f3 e6 4. Be3 Be7 5. Bd3 O-O 6. Ne2 e5 7. d5 a5 8. c4 {[%emt 0:01:43] White is slightly better.} Na6 9. Nbc3 c6 10. Qd2 Bd7 11. g4 cxd5 12. cxd5 Nc5 13. Bb5 Qb6 14. a4 {[%emt 0:05:57] And now g5 would win.} Rfc8 15. Ra3 Qd8 16. O-O g6 17. Ng3 Ne8 18. Bxd7 Qxd7 19. Kh1 Nc7 20. Qe2 Rab8 21. Rd1 b6 22. Kg2 Bh4 23. Rd2 Qe7 24. Nb5 Nxb5 25. Qxb5 Bg5 26. Rf2 (26. Bxg5 $11 Qxg5 27. Rf2) 26... Bxe3 $15 27. Rxe3 Qd7 (27... Nd7 $15) 28. Rc3 $11 {[%emt 0:02:51][%cal Oc3c5] Hoping for Rxc5!} Rc7 29. Nf1 Nxa4 30. Rc6 Nc5 {[%emt 0:00:12][%cal Oc5e6] aiming for ...Ne6!} 31. Ne3 {[%emt 0:00:10] [#]} (31. Rc2 $15) 31... Ne6 $1 $17 32. Qc4 {[%emt 0:00:05][%cal Oc6c7] [#] Repels Nd4} Nf4+ (32... Rbc8 $1 $17 33. Rc2 Qe8) 33. Kg3 Rcb7 34. Rc2 {[%emt 0:00:29] Black converts the advantage convincingly.} ({Better is} 34. Qc3 $15 Qe7 35. Ng2) 34... b5 $36 {[%emt 0:00:43][%mdl 2048] White is under strong pressure.} 35. Qf1 (35. Qc3 $17) 35... a4 $19 36. g5 (36. Qe1 $17 {was called for.}) 36... h5 37. gxh6 Qe7 38. h4 Kh7 39. Qh1 (39. Ng2 $142) 39... b4 (39... Kxh6 $2 40. Rh2 $19) 40. Nc4 a3 (40... Kxh6 41. Nxd6 Kg7 42. Nxb7 Qxb7 43. Rc7 $11) 41. b3 Rd8 ({Weaker is} 41... Kxh6 42. Nxd6 Kg7 43. Nxb7 Qxb7 44. Qa1 $15) 42. Ne3 Ra7 43. Qh2 Nh5+ 44. Kh3 Qf6 45. Qf2 a2 (45... Kxh6 $2 {loses.} 46. Ng4+ Kg7 47. Nxf6 $18) 46. Ng4 Qf4 47. Nf6+ Qxf6 {[%emt 0:00:28] Black mates.} 48. Qxa7 Qxf3+ 49. Kh2 Qg3+ 50. Kh1 Qe1+ 51. Kh2 a1=Q 52. Qxf7+ Kxh6 {[%emt 0:00:10] Weighted Error Value: White=0.78/Black=0.07 (flawless) .  Mistake:       	White=6     	Black=2      Inaccurate:     	White=6     	Black=3      OK:         	White=15    	Black=14     Best:        	---       	Black=3      Brilliant:      	---       	Black=1} 0-1

[Event "Catalonia Championship Absolute 2024"]
[Site "Salou Tarragona"]
[Date "2024.05.18"]
[Round "4.2"]
[White "Ayats Llobera, Gerard"]
[Black "Alsina Leal, Daniel"]
[Result "1/2-1/2"]
[ECO "B30"]
[WhiteElo "2449"]
[BlackElo "2510"]
[Annotator "RC"]
[PlyCount "177"]
[EventDate "2024.05.06"]
[EventType "k.o."]
[EventCountry "ESP"]
[SourceTitle "playchess.com"]
[Source "ChessBase"]
[SourceQuality "1"]
[TimeControl "5400+30"]

1. e4 c5 2. Nf3 Nc6 3. Bb5 e6 4. O-O Nge7 5. Re1 Nd4 6. Bf1 Nxf3+ 7. Qxf3 Nc6 8. c3 Be7 9. Na3 O-O 10. Nc2 b6 11. d4 cxd4 12. cxd4 Bb7 13. Bd3 Nb4 14. Nxb4 Bxb4 15. Re2 f5 16. Qg3 fxe4 17. Bxe4 Bxe4 18. Rxe4 Rf5 19. Bh6 Bf8 20. Rc1 Rc8 21. Ree1 Rxc1 22. Rxc1 Qa8 23. Be3 Qd5 24. Qc7 a5 25. a4 Qd6 26. b3 Rd5 27. h3 Qb4 28. Qc4 b5 29. Qxb4 Bxb4 30. Kf1 Kf7 31. Ke2 Ke7 32. Kd3 bxa4 33. bxa4 Rf5 34. f3 Rf8 35. Bd2 Bxd2 36. Kxd2 Rb8 37. Rc5 Rb2+ 38. Ke3 Rxg2 39. Rxa5 Rh2 40. Rh5 h6 41. d5 exd5 42. Rxd5 Rxh3 43. Ra5 g5 44. Ke4 Rh4+ 45. Ke3 Ke6 46. Ra8 Ke5 47. Re8+ Kd5 48. Rh8 Rxa4 49. Rxh6 Ra3+ 50. Ke2 Ke5 51. Rg6 Ra2+ 52. Ke3 Ra3+ 53. Ke2 d5 54. Rxg5+ Kd4 55. f4 Ra2+ 56. Ke1 Ra8 57. Kd2 Rh8 58. Rg2 Ra8 59. Rg5 Rf8 60. f5 Ke4 61. Rh5 Rf6 62. Rg5 Ra6 63. Rh5 Rb6 64. Ke2 Rb2+ 65. Kd1 Rf2 66. f6 Rxf6 67. Ke2 Kd4 68. Kd2 Rf2+ 69. Kd1 Rf3 70. Kd2 Kc4 71. Rh8 Rg3 72. Rh7 Rd3+ 73. Kc2 Rc3+ 74. Kd2 Rg3 75. Rh8 Rg2+ 76. Kd1 Kc3 77. Rh3+ Kc4 78. Rh4+ d4 79. Rh3 Rb2 80. Rg3 Rb1+ 81. Kc2 Rh1 82. Kd2 Rh2+ 83. Kd1 Rf2 84. Rh3 Kd5 85. Rh5+ Ke4 86. Rh4+ Kd3 87. Rh3+ Kc4 88. Rg3 d3 89. Rg7 1/2-1/2